 Dungeon Crawl Stone Soup version 0.27.0-1-g7a089689b8 (webtiles) character file.

Game seed: 168026322701589222

3771 sasquatch the Covert (level 9, -2/61 HPs)
             Began as a Vampire Brigand on Aug 2, 2021.
             Was an Elder of Dithmenos.
             Splashed by a wight's acid (12 damage)
             ... on level 8 of the Dungeon.
             The game lasted 00:30:27 (9690 turns).

sasquatch the Covert (Vampire Brigand)              Turns: 9690, Time: 00:30:28

Health: -2/61      AC:  5    Str: 10    XL:     9   Next: 94%
Magic:  9/9        EV: 10    Int: 14    God:    Dithmenos [****..]
Gold:   2110       SH:  0    Dex: 18    Spells: 3/8 levels left

rFire    + . .     SeeInvis +   K - +5 dagger (distort)
rCold    + . .     Faith    .   (no shield)
rNeg     . . .     Spirit   .   I - +2 ring mail {rC+}
rPois    .         Reflect  .   q - +0 helmet
rElec    .         Harm     .   c - +0 cloak
rCorr    .         Rampage  .   (no gloves)
Will     .....                  (no boots)
Stlth    +++++++...             F - amulet of magic regeneration
HPRegen  0.40/turn              i - ring of protection from cold
MPRegen  0.36/turn              p - ring of fire

@: about to teleport, corroded, healing quickly, wreathed by umbra
A: alive, fangs 3, see invisible, vampiric 2
a: Exsanguinate, Renounce Religion, Shadow Step


You were on level 8 of the Dungeon.
You worshipped Dithmenos.
Dithmenos was greatly pleased with you.
You visited 1 branch of the dungeon, and saw 9 of its levels.

You collected 2110 gold pieces.

Inventory:

Hand Weapons
 f - a +0 club
 K - a +5 dagger of distortion (weapon)
 P - a +6 quick blade
Missiles
 d - 46 poisoned darts (quivered)
 e - 2 curare-tipped darts
Armour
 b - a +2 pair of gloves of dexterity
 c - a +0 cloak (worn)
 l - a +0 buckler
 q - a +0 helmet (worn)
 I - a +2 ring mail of cold resistance (worn)
 L - a +2 robe of positive energy
Jewellery
 a - a +4 ring of evasion
 i - a ring of protection from cold (left hand)
 p - a ring of fire (right hand)
 F - an amulet of magic regeneration (around neck)
 M - an amulet of reflection
Wands
 C - a wand of iceblast (17)
 G - a wand of paralysis (6)
 N - a wand of acid (6)
 O - a wand of mindburst (19)
Scrolls
 g - a scroll of identify
 j - a scroll of magic mapping
 o - 2 scrolls of teleportation
 D - a scroll of torment
 E - a scroll of summoning
 H - a scroll of immolation
Potions
 h - 2 potions of haste
 k - 2 potions of might
 m - 2 potions of heal wounds
 s - a potion of berserk rage
 t - a potion of cancellation {unknown}
 u - a potion of degeneration {unknown}
 v - 2 potions of mutation
 x - a potion of flight {unknown}
 z - 3 potions of curing
 A - 2 potions of brilliance
 B - 3 potions of resistance {unknown}


   Skills:
 - Level 1.7 Fighting
 - Level 10.0 Short Blades
 - Level 1.5 Throwing
 - Level 1.1 Dodging
 + Level 14.0 Stealth
 * Level 8.7 Hexes
 * Level 3.1 Ice Magic


You had 3 spell levels left.
You knew the following spells:

 Your Spells              Type           Power      Damage    Failure   Level
a - Ensorcelled Hibernat  Hex/Ice        32%        N/A       10%         2
b - Confusing Touch       Hex            24%        N/A       6%          3

Your spell library contained the following spells:

 Spells                   Type           Power      Damage    Failure   Level
 Corona                   Hex            26%        N/A       1%          1
 Slow                     Hex            24%        N/A       3%          2
 Tukima's Dance           Hex            24%        N/A       6%          3
 Yara's Violent Unravell  Hex/Tmut       6%         3d5       98%         5
 Airstrike                Air            0%         N/A       100%        4
 Storm Form               Tmut/Air       0%         N/A       100%        7
 Maxwell's Capacitive Co  Air            0%         ∞         100%        8


Dungeon Overview and Level Annotations

Branches:
Dungeon (9/15)             Temple (0/1) D:6
   Lair: D:8-11         Orc: D:9-12

Altars:
Cheibriados
Dithmenos
Hepliaklqana
Nemelex Xobeh
Okawaru
Ru
Uskayaw

Shops:
D:4 *   D:7 =

Annotations:
D:2 2 exclusions, Sigmund
D:3 Ijyb
D:5 1 exclusion
D:6 6 exclusions


Innate Abilities, Weirdness & Mutations

Your natural rate of healing is accelerated.
You have razor-sharp teeth.
You have supernaturally acute eyesight. (SInv)
You are afflicted with vampirism and can become a bat while bloodless.


Message History

You hit the wight but do no damage.
Space bends around the wight.
The wight is heavily damaged.
You hit the wight.
Space bends around the wight.
You destroy the wight!
Dithmenos accepts your kill.
Your shadow now sometimes tangibly mimics your actions.
Your life force feels restored.
Your Stealth skill increases to level 14!
No target in view!
A wight comes into view. It is wielding a +3 scimitar.
Things that are here:
a +3 morningstar of pain; a +0 robe
There are monsters nearby!
Press: ? - help, v - describe, . - travel
Here: a wight, wielding a +0 battleaxe and wearing a +0 robe (wandering, hasn't noticed you)
The floor.
You hit the wight.
Space warps horribly around the wight.
Your bite misses the wight.
The wight is severely damaged.
The wight closely misses you.
You puncture the wight!
You destroy the wight!
Dithmenos accepts your kill.
The wight zaps a wand.
The bolt of acid hits you! The acid corrodes you!
You are splashed with acid!
Things that are here:
a +3 scimitar; a +0 robe
There is a stone staircase leading up, spattered with blood here.
The wight hits you with a +4 falchion!
You climb upwards.
There is a stone staircase leading down here.
Press: ? - help, v - describe, . - travel
Here: a wight, wielding a +4 falchion, wearing a +0 robe and carrying a wand of acid (2) (umbra)
The floor.
As you read the scroll of teleportation, it crumbles to dust.
You feel strangely unstable. The wight barely misses you.
The wight zaps a wand.
The bolt of acid hits you!
* * * LOW HITPOINT WARNING * * *
You are splashed with acid!
You die...

#..........######.#######
#.#.#...##..............#
#.#.#........####.#####.#
#.#.#..........##.# #.#
#.#.#...#.#.#####.#####.######
#.#.#...#.#.##................
##.#.#.....#.##.##.#####.######
#..........#.##>z..............
#..#.#.#.#....@.....####.#####.
#..#.#.#.#..[.[..#..####.#####.
#..#.....+...................'.
#..#.###.#......####.###.#####.
#........'......'.....##.#####.
#..#####.#......###............
#..# #.######## #..#.#......#
#..# #.##########..#.#......#
###..#####.............#.#......#


You could see a wight.

Vanquished Creatures
  Psyche (D:8)
  A troll (D:5)
  3 wyverns (D:9)
  2 water moccasins
  2 orc warriors (D:9)
  An ice beast (D:8)
  A sky beast (D:5)
  An ogre (D:7)
  2 centaurs
  A phantom (D:5)
  A kobold brigand (D:7)
  4 bullfrogs
  A water moccasin zombie (D:7)
  3 scorpions
  A water moccasin skeleton (D:5)
  5 wights
  2 howler monkeys (D:8)
  A bullfrog zombie (D:7)
  A centaur zombie (D:5)
  A jelly (D:3)
  7 hounds
  An orc priest (D:9)
  Crazy Yiuf (D:3)
  A centaur skeleton (D:6)
  An iguana (D:6)
  Jessica (D:2)
  Natasha (thrice) (D:3)
  Terence (D:2)
  4 orc wizards
  A killer bee zombie (D:5)
  A howler monkey zombie (D:7)
  Robin (D:3)
  9 gnolls
  A howler monkey skeleton (D:7)
  9 adders
  A white imp (D:6)
  3 dart slugs (D:1)
  24 orcs
  2 ball pythons (D:2)
  5 bats
  4 endoplasms
  12 goblins
  8 hobgoblins
  6 jackals
  11 kobolds
  3 quokkas (D:1)
  6 frilled lizards
  5 rats
167 creatures vanquished.

Notes
Turn   | Place    | Note
-------+----------+-------------------------------------------
     0 | D:1      | sasquatch the Vampire Brigand began the quest for the Orb.
     0 | D:1      | Reached XP level 1. HP: 16/16 MP: 1/1
    73 | D:1      | Reached skill level 6 in Stealth
    83 | D:1      | Reached XP level 2. HP: 22/22 MP: 2/2
   517 | D:1      | Found a faded altar of an unknown god.
   526 | D:1      | Became a worshipper of Dithmenos the Shadowed
   526 | D:1      | Reached * piety under Dithmenos
   533 | D:1      | Gained mutation: You are afflicted with vampirism and can
                  | become a bat while bloodless. [Vampire growth]
   533 | D:1      | Reached XP level 3. HP: 27/27 MP: 3/3
  1012 | D:2      | Noticed Terence
  1015 | D:2      | Noticed Jessica
  1018 | D:2      | Killed Jessica
  1021 | D:2      | Killed Terence
  1022 | D:2      | Reached XP level 4. HP: 33/33 MP: 4/4
  1090 | D:2      | Reached skill level 7 in Stealth
  1388 | D:2      | Found a snail-covered altar of Cheibriados.
  1390 | D:2      | Noticed Sigmund
  1675 | D:3      | Noticed Natasha
  1679 | D:3      | Killed Natasha
  1680 | D:3      | Reached XP level 5. HP: 38/38 MP: 5/5
  1723 | D:3      | Reached skill level 5 in Short Blades
  1901 | D:3      | Reached ** piety under Dithmenos
  1990 | D:3      | Found a hide-covered altar of Uskayaw.
  2002 | D:3      | Noticed Robin
  2002 | D:3      | Noticed Ijyb
  2075 | D:3      | Killed Robin
  2298 | D:3      | Noticed Natasha
  2308 | D:3      | Killed Natasha
  2375 | D:3      | Noticed Natasha
  2382 | D:3      | Killed Natasha
  2383 | D:3      | Reached skill level 8 in Stealth
  2383 | D:3      | Reached XP level 6. HP: 36/44 MP: 6/6
  2903 | D:3      | Found a runed translucent door.
  2904 | D:3      | Noticed Crazy Yiuf
  2911 | D:3      | Killed Crazy Yiuf
  2982 | D:4      | Found a sacrificial altar of Ru.
  3085 | D:4      | Found Itereekk's Incredible Inventory.
  3264 | D:4      | Found a shadowy altar of Dithmenos.
  3852 | D:4      | Found a hazy altar of Hepliaklqana.
  3946 | D:5      | Entered Level 5 of the Dungeon
  3959 | D:5      | Reached XP level 7. HP: 49/49 MP: 7/7
  4089 | D:5      | Reached skill level 9 in Stealth
  4130 | D:5      | Noticed a troll
  4902 | D:5      | Killed a troll
  4902 | D:5      | Reached *** piety under Dithmenos
  4903 | D:5      | Reached skill level 10 in Stealth
  4903 | D:5      | Reached XP level 8. HP: 55/55 MP: 8/8
  4939 | D:5      | Learned a level 2 spell: Ensorcelled Hibernation
  4954 | D:6      | Found an iron altar of Okawaru.
  5037 | D:6      | Found a staircase to the Ecumenical Temple.
  5263 | D:6      | Found a snail-covered altar of Cheibriados.
  5906 | D:7      | Reached skill level 11 in Stealth
  5915 | D:7      | Reached skill level 10 in Short Blades
  5962 | D:7      | Identified the +9 longbow of Revolt {venom, rC+ rN+}
  6102 | D:7      | Found a sparkling altar of Nemelex Xobeh.
  6191 | D:7      | Found Wokug's Jewellery Shop.
  6362 | D:7      | Reached skill level 1 in Hexes
  6522 | D:7      | Reached skill level 12 in Stealth
  6646 | D:7      | Reached XP level 9. HP: 56/61 MP: 9/9
  7201 | D:8      | Reached skill level 5 in Hexes
  7450 | D:8      | Noticed Psyche
  7457 | D:8      | Killed Psyche
  7458 | D:8      | Reached skill level 13 in Stealth
  8332 | D:9      | Reached skill level 1 in Ice Magic
  8556 | D:9      | Identified 4 scrolls of acquirement
  8556 | D:9      | Acquired a +6 quick blade
  8557 | D:9      | Acquired 677 gold pieces
  8559 | D:9      | Acquired a +2 pair of gloves of dexterity
  8560 | D:9      | Acquired 1012 gold pieces
  8876 | D:9      | Noticed a two-headed ogre
  9186 | D:9      | Got Qunegg's Handbook of Air
  9191 | D:9      | Learned a level 3 spell: Confusing Touch
  9679 | D:9      | Reached **** piety under Dithmenos
  9680 | D:9      | Reached skill level 14 in Stealth
  9690 | D:8      | Splashed by a wight's acid

Illustrated notes

Levels and vault maps discovered:
D:1:      lemuel_arrival_lava_pool, layout_basic, shapermc_ecumenical_altar_venn
D:2:      layout_loops_ring, basic_altar, uniq_jessica, uniq_sigmund,
          uniq_terence
D:3:      layout_loops_ring, grunt_decor_clamped, kennysheep_flooded_box,
          uniq_robin, uniq_ijyb, uniq_crazy_yiuf_cottage, uniq_natasha
D:4:      layout_loops_corners, grunt_dithmenos_smoke_and_mirrors,
          lemuel_round_altar, mainiacjoe_overflow_alcove_2,
          minmay_misc_feat_chi, amethyst_killhole,
          chequers_serial_rivers_large_b, nicolae_alphabet_shops
D:5:      layout_gridville, serial_rivers, chequers_serial_rivers_micro_c,
          chequers_serial_rivers_room_a, chequers_serial_rivers_small_b,
          chequers_serial_rivers_micro_c, chequers_serial_rivers_small_b,
          st_stairs_7, kennysheep_minor_cross
D:6:      layout_rooms, mainiacjoe_overflow_chevrons, okawaru_gym_becter,
          minmay_temple_entry_antechambers
D:7:      layout_basic, mainiacjoe_overflow_tiny_flanked, serial_shops,
          kennysheep_mini_moat, grunt_ministairs_7
D:8:      layout_basic, uniq_psyche
D:9:      layout_cave_pods

Skill      XL: |  1  2  3  4  5  6  7  8  9 |
---------------+----------------------------+-----
Stealth        | 6 7 8 10 12 14 | 14.0
Short Blades   | 3 4 5 7 8 10 | 10.0
Hexes          | 3 8 |  8.7
Ice Magic      | 3 |  3.1
Fighting       | |  1.7
Throwing       | |  1.5
Dodging        | |  1.1

Action                   |  1- 3 |  4- 6 |  7- 9 || total
-------------------------+-------+-------+-------++-------
Melee: Dagger            |    68 |   150 |   414 ||   632
       Bite              |     2 |    17 |    46 ||    65
Throw: Dart              |       |     7 |    26 ||    33
  Use: Scroll            |       |       |    20 ||    20
 Stab: Sleeping          |    13 |    21 |    26 ||    60
       Distracted        |       |       |     3 ||     3
Armor: Robe              |    12 |    15 |       ||    27
       Ring mail         |       |     3 |    93 ||    96
Dodge: Dodged            |    33 |    68 |   138 ||   239
